 Dungeon Crawl Stone Soup version 0.30.1-9-gdf580d7c3d (webtiles) character file.

Game seed: 5127692624273923185

110 DemonSlayer the Digger (level 4, 0/30 HPs)
             Began as a Demonspawn Earth Elementalist on Oct 11, 2023.
             Slain by an orc
             ... wielding a +0 dagger
              (2 damage)
             ... on level 3 of the Dungeon.
             The game lasted 00:05:14 (2557 turns).

DemonSlayer the Digger (DsEE)                       Turns: 2557, Time: 00:05:14

Health: 0/30       AC:  2    Str:  8    XL:     4   Next: 61%
Magic:  0/8        EV: 12    Int: 17    God:
Gold:   119        SH:  0    Dex: 15    Spells: 3/9 levels left

rFire   . . .        h - +0 dagger
rCold   . . .        (no shield)
rNeg    . . .        a - +0 robe
rPois   .            (no helmet)
rElec   .            (no cloak)
rCorr   .            (no gloves)
SInv    .            (no boots)
Will    .....        (no amulet)
Stlth   ++           (no ring)
HPRegen 0.25/turn    (no ring)
MPRegen 0.11/turn

%: no passive effects
@: no status effects
A: demonic guardian 1, ignite blood 2
a: no special abilities


You were on level 3 of the Dungeon.
You visited 1 branch of the dungeon, and saw 3 of its levels.

You collected 119 gold pieces.

Inventory:

Hand Weapons
 h - a +0 dagger (weapon)
Armour
 a - a +0 robe (worn)
Wands
 l - a wand of flame (20)
Scrolls
 c - 2 scrolls of immolation {unknown}
 d - a scroll of fear {unknown}
 e - 4 scrolls of teleportation {unknown}
 g - 5 scrolls of identify {unknown}
 i - 2 scrolls of magic mapping {unknown}
 j - 3 scrolls of blinking {unknown}
 k - a scroll of poison {unknown}
 m - 2 scrolls of noise {unknown}
 n - a scroll of fog {unknown}
Potions
 b - 2 potions of magic
 f - a potion of degeneration {unknown}
 o - a potion of haste {unknown}


   Skills:
 + Level 0.1 Fighting
 + Level 0.1 Short Blades
 + Level 1.8 Dodging
 + Level 1.8 Stealth
 + Level 3.2 Spellcasting
 + Level 1.0 Transmutations
 + Level 4.0 Earth Magic


You had 3 spell levels left.
You knew the following spells:

 Your Spells              Type           Power      Damage    Failure   Level
a - Sandblast             Erth           32%        2d9       3%          1
b - Stone Arrow           Conj/Erth      18%        3d8       22%         3
c - Passwall              Tmut/Erth      9%         N/A       9%          2

Your spell library contained the following spells:

 Spells                   Type           Power      Damage    Failure   Level
 Petrify                  Tmut/Erth      11%        N/A       52%         4


Dungeon Overview and Level Annotations

Branches:
Dungeon (3/15)

Altars:
Gozag
Makhleb
Sif Muna
Yredelemnul

Shops:
D:1 *


Innate Abilities, Weirdness & Mutations

A weak demonic guardian rushes to your aid.
Your demonic aura often causes spilled blood to erupt in flames.


Message History

The blast of sand hits the hobgoblin!
You kill the hobgoblin!
You can't see any susceptible monsters within range! (Use Z to cast anyway.)
You can't see any susceptible monsters within range! (Use Z to cast anyway.)
An orc priest is nearby!
An orc priest is nearby!
An orc priest is nearby!
The blast of sand hits the orc priest.
The orc priest is lightly wounded.
The orc priest shouts!
You hear a shout! x3
The orc priest closely misses you.
The blast of sand hits the orc priest!
The orc priest is almost dead.
The orc priest hits you with a +0 short sword.
The orc priest calls down the wrath of Beogh upon you.
Pain shoots through your body!
The blast of sand hits the orc priest.
The orc priest is almost dead.
The orc priest completely misses you.
The blast of sand hits the orc priest!
You kill the orc priest!
The orc barely misses you.
Your Earth Magic skill increases to level 4!
The blast of sand misses the orc.
The orc hits you with a +0 dagger.
The blast of sand misses the orc.
The orc barely misses you. x2
The blast of sand hits the orc but does no damage.
The orc barely misses you.
The blast of sand hits the orc but does no damage.
The orc misses you. The orc hits you with a +0 mace.
The blast of sand hits the orc.
The orc is severely wounded.
The orc hits you but does no damage. The orc hits you with a +0 mace.
You are too injured to fight recklessly!
You are too injured to fight recklessly!
The orc attacks as you move away! The orc hits you with a +0 mace.
* * * LOW HITPOINT WARNING * * *
The orc attacks as you move away! The orc hits you with a +0 dagger.
* * * LOW HITPOINT WARNING * * *
The orc attacks as you move away! The orc hits you with a +0 dagger.
You die...

.#...# .#.#.# .#.# #
.#.#####. o## .#
......... ..# #####.###
#..########.####.......#
#..# ###......)o.......
...## #.....## #☼o#
....###......###@.#
............#.....#
.##..##......####.#
..#.........## .#
_....######........
..#..# #######... †##..#
#### .....# ######


You could see 2 orcs.

Vanquished Creatures
  An orc priest (D:3)
  An adder (D:3)
  2 worms
  3 dart slugs (D:2)
  4 orcs
  6 ball pythons
  4 endoplasms
  3 giant cockroaches (D:1)
  10 goblins
  2 hobgoblins
  A quokka (D:1)
  4 bats
  6 frilled lizards
  2 kobolds
  6 rats
55 creatures vanquished.

Notes
Turn   | Place    | Note
-------+----------+-------------------------------------------
     0 | D:1      | DemonSlayer the Demonspawn Earth Elementalist began the
                  | quest for the Orb.
     0 | D:1      | Reached XP level 1. HP: 13/13 MP: 3/3
   172 | D:1      | Found Gyfomn's General Store.
   181 | D:1      | Reached skill level 3 in Earth Magic
   298 | D:1      | Gained mutation: A weak demonic guardian rushes to your
                  | aid. [demonic ancestry]
   298 | D:1      | Reached XP level 2. HP: 19/19 MP: 3/5
   407 | D:1      | Reached skill level 1 in Transmutations
   894 | D:2      | Gained mutation: Your demonic aura sometimes causes spilled
                  | blood to erupt in flames. [demonic ancestry]
   894 | D:2      | Reached XP level 3. HP: 19/24 MP: 1/6
  1911 | D:2      | Learned a level 3 spell: Stone Arrow
  1914 | D:2      | Learned a level 2 spell: Passwall
  2281 | D:3      | Found a basalt altar of Yredelemnul.
  2285 | D:3      | Found a shimmering blue altar of Sif Muna.
  2289 | D:3      | Found a burning altar of Makhleb.
  2311 | D:3      | Found an opulent altar of Gozag.
  2356 | D:3      | Gained mutation: Your demonic aura often causes spilled
                  | blood to erupt in flames. [demonic ancestry]
  2356 | D:3      | Reached XP level 4. HP: 30/30 MP: 4/8
  2425 | D:3      | Found a faded altar of an unknown god.
  2551 | D:3      | Reached skill level 4 in Earth Magic
  2556 | D:3      | HP: 1/30 [orc/+0 dagger (4)]
  2557 | D:3      | Slain by an orc

Illustrated notes

Levels and vault maps discovered:
D:1:      dpeg_arrival_windows_large_door, layout_rooms, serial_shops,
          nicolae_shop_statue_plus, dk_noncrumbling_4, grunt_decor_resistance
D:2:      layout_basic
D:3:      cheibrodos_pilgrimage, layout_loops_ring,
          minmay_overflow_temple_star_hex, serial_shops, shop_statue,
          ebering_ecumenical_altar_box, st_stairs_4

Skill      XL: |  1  2  3  4 |
---------------+-------------+-----
Earth Magic    | 3 4 |  4.0
Transmutations | 1 |  1.0
Spellcasting   | 3 |  3.2
Fighting       | |  0.1
Short Blades   | |  0.1
Dodging        | |  1.8
Stealth        | |  1.8

Action                     |  1- 3 |  4- 6 || total
---------------------------+-------+-------++-------
  Melee: Unarmed           |     2 |       ||     2
         Dagger            |    11 |     4 ||    15
   Cast: Sandblast         |    82 |    13 ||    95
   Stab: Sleeping          |       |     1 ||     1
 Armour: Robe              |    11 |     1 ||    12
  Dodge: Dodged            |    36 |     8 ||    44
